[Event "Titled Tuesday Blitz January 04 2022"]
[White "Albornoz Cabrera, Carlos Daniel"]
[Black "Maly, Alexey"]
[WhiteFideId "3518736"]
[BlackFideId "14103184"]
[WhiteElo "2490"]
[BlackElo "2266"]
[Result "1-0"]
[Round "08"]
[TimeControl "180+1"]
[Date "2022.01.04"]
[WhiteClock "0:00:04"]
[BlackClock "0:00:50"]

1. e4 c6 2. d4 d5 3. e5 Bf5 4. Nf3 e6 5. Be2 Nd7 6. O-O h6 7. Nbd2 Ne7 8. Nb3 Bg6 9. a4 Nf5 10. Bd2 Be7 11. a5 a6 12. Bd3 O-O 13. g4 Nh4 14. Nxh4 Bxh4 15. f4 Bxd3 16. cxd3 f5 17. h3 Qe7 18. Nc5 Nxc5 19. Bb4 Rf7 20. Bxc5 Qd7 21. Kg2 Kh7 22. g5 Kg6 23. Rg1 hxg5 24. Kh2 Rh8 25. fxg5 Rh5 26. Qf3 f4 27. Rg4 Bg3+ 28. Kg2 Qe8 29. h4 Qh8 30. Rh1 Bxh4 31. Qh3 f3+ 32. Kf1 Bxg5 33. Rxg5+ Kxg5 34. Rg1+ Kf4 35. Qg3+ Ke3 36. Qe1+ Kf4 37. Qg3+ Ke3 38. Qe1+ Kxd3 39. Qc3+ Ke4 40. Rg4+ Kf5 41. Qxf3# 1-0


[Site "https://www.chess.com"]

[Event "Titled Tuesday Blitz January 04 2022"]
[White "Bodnar, Nikolay"]
[Black "Babazada, Khazar"]
[WhiteFideId "14106469"]
[BlackFideId "13413554"]
[WhiteElo "2296"]
[BlackElo "2418"]
[Result "1-0"]
[Round "08"]
[TimeControl "180+1"]
[Date "2022.01.04"]
[WhiteClock "0:01:25"]
[BlackClock "0:01:12"]

1. e4 Nf6 2. e5 Nd5 3. d4 d6 4. c4 Nb6 5. exd6 cxd6 6. Nc3 g6 7. Be3 Bg7 8. Rc1 O-O 9. b3 Bf5 10. g4 Bd7 11. Bg2 Nc6 12. d5 Ne5 13. h3 e6 14. dxe6 Bxe6 15. Nge2 f5 16. f4 Nc6 17. g5 Re8 18. Kf2 Qe7 19. Qd2 Kh8 20. h4 Bxc4 21. h5 Bxe2 22. Nxe2 Kg8 23. hxg6 hxg6 24. Rh3 d5 25. Bxb6 axb6 26. Bxd5+ Kf8 27. Rch1 Rad8 28. Rh8+ Bxh8 29. Rxh8+ Kg7 30. Qc3+ Ne5 31. Rh7+ Kf8 32. Rxe7 Rxe7 33. fxe5 Rxd5 34. Nf4 1-0


[Site "https://www.chess.com"]

[Event "Titled Tuesday Blitz January 04 2022"]
[White "Bortnyk, Olexandr"]
[Black "Arabidze, Meri"]
[WhiteFideId "14120828"]
[BlackFideId "13604040"]
[WhiteElo "2723"]
[BlackElo "2329"]
[Result "1-0"]
[Round "08"]
[TimeControl "180+1"]
[Date "2022.01.04"]
[WhiteClock "0:01:19"]
[BlackClock "0:00:21"]

1. d4 d5 2. Nc3 Nf6 3. Bf4 c6 4. e3 g6 5. h4 h5 6. Be2 Bg7 7. Nf3 O-O 8. Ne5 Nbd7 9. Nd3 b6 10. Bf3 Bb7 11. Qe2 c5 12. O-O-O Ne4 13. Bxe4 dxe4 14. Ne5 Nxe5 15. Bxe5 Bxe5 16. dxe5 Qc7 17. e6 fxe6 18. g4 Rf3 19. gxh5 gxh5 20. Rhg1+ Kf7 21. Rg5 Rf8 22. Rxh5 Ke8 23. Nb5 Qh2 24. Rh7 Bc6 25. Nxa7 Rxf2 26. Nxc6 1-0


[Site "https://www.chess.com"]

[Event "Titled Tuesday Blitz January 04 2022"]
[White "Boruchovsky, Avital"]
[Black "Saveljev, Vladislav"]
[WhiteFideId "2800055"]
[BlackFideId "4128494"]
[WhiteElo "2469"]
[BlackElo "2331"]
[Result "1/2-1/2"]
[Round "08"]
[TimeControl "180+1"]
[Date "2022.01.04"]
[WhiteClock "0:00:10"]
[BlackClock "0:00:05"]

1. c4 g6 2. Nc3 Bg7 3. d4 d6 4. e4 Nf6 5. Be2 O-O 6. h4 e5 7. d5 Na6 8. h5 Nc5 9. h6 Bh8 10. Bg5 Qe8 11. Bxf6 Bxf6 12. Bg4 Bxg4 13. Qxg4 Nd3+ 14. Kf1 Nxb2 15. Nge2 Nxc4 16. Ng3 Kh8 17. Kg1 c5 18. Rh3 b5 19. Qe2 a6 20. a4 Rb8 21. axb5 axb5 22. Ra7 Bg5 23. Nf1 Nb2 24. Qxb2 b4 25. Nd1 Ra8 26. Qa2 Qb8 27. Rxa8 Qxa8 28. Qb3 Rb8 29. Nb2 Qa1 30. Nc4 Qa6 31. Nfd2 Kg8 32. Nf3 Qa1+ 33. Kh2 Be7 34. Rg3 Ra8 35. Nfd2 Qe1 36. Qb1 Qxf2 37. Qf1 Qxf1 38. Nxf1 Ra2 39. Nfd2 f6 40. Kh3 Kf7 41. Kg4 Ke8 42. Rb3 Kd7 43. Rb2 Ra1 44. Nb3 Ra6 45. Kf3 Bd8 46. g4 Bc7 47. Ke2 Ra4 48. Kd3 Ra8 49. Kc2 Rf8 50. Ra2 Kc8 51. Ra8+ Bb8 52. Nxd6+ Kc7 53. Nc4 Kb7 54. Ra5 Rc8 55. Nxc5+ Kc7 56. d6+ Kd8 57. Kb3 Bxd6 58. Nxd6 Rc6 59. Ra8+ Ke7 60. Nc8+ Kf7 61. Kxb4 f5 62. Ra7+ Ke8 63. gxf5 gxf5 64. exf5 Rxh6 65. Rxh7 Rxh7 66. Nd6+ Kf8 67. Nce4 Rh5 68. Kc5 Rxf5 69. Nxf5 Ke8 70. Kd6 Kf7 71. Ne3 Kg6 72. Ke6 Kh5 73. Kf5 Kh4 74. Ng4 Kh5 75. Ng3+ Kh4 76. Ne4 Kh3 77. Kg5 Kg2 78. Kh4 Kf3 79. Ngf6 Kf4 80. Kh5 Kf5 81. Kh6 Kf4 82. Kg6 Ke3 83. Kf5 Kd4 84. Ng4 Kd5 85. Ne3+ Kd4 86. Ng4 Kd5 87. Nef6+ Kd4 88. Nh5 Kd5 89. Ng3 Kd4 90. Ne2+ Kd5 91. Kg5 Ke4 92. Kh4 Kf3 93. Nc3 Kf4 94. Nd5+ Ke4 95. Nde3 Kf4 96. Kh3 Ke4 97. Kg3 Kd4 98. Kf3 Kd3 99. Nxe5+ 1/2-1/2


[Site "https://www.chess.com"]

[Event "Titled Tuesday Blitz January 04 2022"]
[White "Bulmaga, Irina"]
[Black "Nogerbek, Kazybek"]
[WhiteFideId "13903063"]
[BlackFideId "13710427"]
[WhiteElo "2184"]
[BlackElo "2478"]
[Result "1/2-1/2"]
[Round "08"]
[TimeControl "180+1"]
[Date "2022.01.04"]
[WhiteClock "0:01:19"]
[BlackClock "0:00:04"]

1. e4 c5 2. Be2 Nc6 3. f4 d5 4. d3 dxe4 5. dxe4 Qxd1+ 6. Bxd1 e5 7. fxe5 Nxe5 8. Nf3 Bd6 9. Nc3 Be6 10. Nb5 Bb8 11. c3 Nd3+ 12. Kd2 Nxc1 13. Kxc1 Nf6 14. e5 Ng4 15. Re1 a6 16. Nd6+ Bxd6 17. exd6 h6 18. Bb3 Kd7 19. Bxe6+ fxe6 20. h3 Nf6 21. Ne5+ Kxd6 22. Nf7+ Ke7 23. Nxh8 Rxh8 24. Kc2 Nd5 25. Re2 Rf8 26. Rae1 Rf6 27. g3 h5 28. h4 Kd6 29. Re5 g6 30. a3 c4 31. a4 b5 32. axb5 axb5 33. b3 Rf2+ 34. R5e2 Rf3 35. Rxe6+ Kd7 36. bxc4 bxc4 37. Rxg6 Rxc3+ 38. Kd2 Rd3+ 39. Ke2 Ke7 40. Rc6 Rd4 41. Rc1 c3 42. Kf2 Rd2+ 43. Kf3 Kd7 44. Rc4 Kd6 45. R4xc3 Nxc3 46. Rxc3 Rd5 47. Re3 Rf5+ 48. Ke4 Re5+ 49. Kf4 Rxe3 50. Kxe3 Ke5 51. Kf3 Kf5 52. Ke3 Ke5 53. Kd3 Kf5 54. Ke3 Ke5 1/2-1/2


[Site "https://www.chess.com"]

[Event "Titled Tuesday Blitz January 04 2022"]
[White "Chizhikov, Vladislav"]
[Black "Darini, Pouria"]
[WhiteFideId "4178157"]
[BlackFideId "12502200"]
[WhiteElo "2120"]
[BlackElo "2489"]
[Result "0-1"]
[Round "08"]
[TimeControl "180+1"]
[Date "2022.01.04"]
[WhiteClock "0:00:12"]
[BlackClock "0:00:28"]

1. e4 c5 2. Nf3 d6 3. c3 Nf6 4. h3 Nbd7 5. Bd3 b6 6. Bc2 Bb7 7. Qe2 Rc8 8. O-O Qc7 9. Re1 e5 10. Na3 Be7 11. d4 cxd4 12. cxd4 O-O 13. Bg5 h6 14. Bxf6 Bxf6 15. dxe5 Nxe5 16. Nxe5 Bxe5 17. Bb3 Rfe8 18. Nc4 Bxe4 19. Nxe5 Rxe5 20. Qg4 Rce8 21. Rac1 Qe7 22. Qf4 a5 23. Rc3 Bg6 24. Rec1 Rc5 25. Ba4 Rd8 26. Qd4 b5 27. Bd1 b4 28. Rc4 Rdc8 29. Bb3 Rxc4 30. Rxc4 Rxc4 31. Bxc4 Qe1+ 32. Kh2 Qe5+ 33. Qxe5 dxe5 34. Kg3 Kf8 35. f4 f6 36. fxe5 fxe5 37. Kf3 Bf7 38. Bxf7 Kxf7 39. h4 h5 40. g4 g6 41. gxh5 gxh5 42. Ke4 Ke6 43. b3 Kf6 44. Kd5 Kf5 45. Kc5 e4 46. Kb5 e3 47. Kxa5 e2 48. Kxb4 e1=Q+ 49. Ka4 Qxh4+ 50. b4 Qd4 51. a3 h4 0-1


[Site "https://www.chess.com"]

[Event "Titled Tuesday Blitz January 04 2022"]
[White "Concio, Michael Jr."]
[Black "Nepomniachtchi, Ian"]
[WhiteFideId "5217873"]
[BlackFideId "4168119"]
[WhiteElo "1896"]
[BlackElo "2740"]
[Result "0-1"]
[Round "08"]
[TimeControl "180+1"]
[Date "2022.01.04"]
[WhiteClock "0:00:01"]
[BlackClock "0:00:38"]

1. e4 e5 2. Nf3 Nc6 3. Bc4 Nf6 4. d3 h6 5. O-O d6 6. h3 g5 7. Nh2 Rg8 8. Ng4 Nxg4 9. hxg4 h5 10. gxh5 g4 11. g3 Rh8 12. Kg2 Qf6 13. c3 Rxh5 14. Be3 Bh6 15. Nd2 Bd7 16. Rh1 Bxe3 17. fxe3 Rh3 18. Qf1 Qg6 19. Rxh3 gxh3+ 20. Kh2 Na5 21. Bd5 c6 22. Bb3 Nxb3 23. axb3 Be6 24. Qf3 Kd7 25. d4 Kc7 26. c4 exd4 27. exd4 Re8 28. d5 Bg4 29. Qf4 f5 30. Re1 Qf6 31. c5 cxd5 32. cxd6+ Qxd6 33. e5 Qc5 34. b4 Qc2 35. e6+ Kc8 36. e7 b6 37. Qd4 Kb7 38. Qxd5+ Qc6 39. Qxc6+ Kxc6 40. Nc4 Kd7 41. Ne5+ Kd6 42. Nf7+ Kd5 43. Nh6 Bf3 44. Ng8 Kd6 45. Re3 Be4 0-1


[Site "https://www.chess.com"]

[Event "Titled Tuesday Blitz January 04 2022"]
[White "Djordjevic, Vuk"]
[Black "Tregubov, Pavel V."]
[WhiteFideId "902098"]
[BlackFideId "4115341"]
[WhiteElo "2463"]
[BlackElo "2341"]
[Result "0-1"]
[Round "08"]
[TimeControl "180+1"]
[Date "2022.01.04"]
[WhiteClock "0:00:02"]
[BlackClock "0:00:51"]

1. d4 Nf6 2. Bg5 e6 3. e4 h6 4. Bxf6 Qxf6 5. c3 d6 6. Bd3 g6 7. Ne2 e5 8. O-O Bg7 9. f4 Qe7 10. Nd2 O-O 11. Nf3 Nd7 12. Qd2 b6 13. Rae1 Bb7 14. Ng3 Rad8 15. f5 Nf6 16. fxg6 fxg6 17. Nh4 Qe8 18. Rf3 exd4 19. cxd4 Ng4 20. Rxf8+ Qxf8 21. Bc4+ d5 22. Be2 Qf2+ 23. Kh1 dxe4 24. Rf1 Bxd4 25. Rxf2 Nxf2+ 26. Kg1 Ng4+ 27. Kf1 Nxh2+ 28. Ke1 Bf2+ 29. Kxf2 Rxd2 30. Nxg6 Rxb2 31. Kg1 Nf3+ 32. gxf3 exf3 33. Bc4+ Kg7 34. Nh4 Kf6 35. Nhf5 Rc2 36. Ne3 f2+ 37. Kf1 Rxc4 38. Nxc4 Ba6 39. Ne4+ Ke6 40. Nd2 Kd5 41. Kxf2 Bxc4 42. a3 a5 43. Ke3 b5 44. Ne4 b4 45. axb4 axb4 46. Nf6+ Kc5 47. Nd7+ Kb5 48. Kd4 h5 49. Ne5 Be6 50. Nf3 c5+ 51. Ke3 Ka4 52. Kd2 Ka3 53. Kc1 b3 54. Nd2 b2+ 55. Kb1 Bf5+ 56. Ne4 Bxe4# 0-1


[Site "https://www.chess.com"]

[Event "Titled Tuesday Blitz January 04 2022"]
[White "Dourerassou, Jonathan"]
[Black "Nguyen, Ngoc Truong Son"]
[WhiteFideId "628050"]
[BlackFideId "12401110"]
[WhiteElo "2513"]
[BlackElo "2596"]
[Result "0-1"]
[Round "08"]
[TimeControl "180+1"]
[Date "2022.01.04"]
[WhiteClock "0:00:08"]
[BlackClock "0:00:39"]

1. d4 Nf6 2. c4 e6 3. Nc3 c5 4. d5 exd5 5. cxd5 d6 6. Nf3 a6 7. a4 g6 8. Nd2 Bg7 9. e4 O-O 10. Be2 Re8 11. O-O Nbd7 12. f3 Ne5 13. Ndb1 h5 14. Be3 h4 15. Nd2 h3 16. g3 Rb8 17. a5 b5 18. axb6 Rxb6 19. b3 Nh5 20. Qc2 f5 21. f4 Ng4 22. Bxg4 fxg4 23. Rae1 Rb4 24. Bf2 a5 25. e5 Bf5 26. Qd1 dxe5 27. fxe5 Rxe5 28. Nc4 Rxe1 29. Qxe1 Rxb3 30. Nd1 Qxd5 31. Nde3 Qf3 32. Qd1 Qxd1 33. Rxd1 a4 34. Nd5 a3 35. Ne7+ Kh7 36. Nxf5 gxf5 37. Nxa3 Rxa3 38. Bxc5 Ra2 39. Bf2 Kg6 40. Kf1 Be5 41. Rb1 f4 42. Rb6+ Kf5 43. gxf4 Nxf4 44. Bg3 Ra1+ 45. Be1 Bc3 0-1


[Site "https://www.chess.com"]

[Event "Titled Tuesday Blitz January 04 2022"]
[White "Florescu, Codrut-Constantin"]
[Black "Efimenko, Zahar"]
[WhiteFideId "1202200"]
[BlackFideId "14107201"]
[WhiteElo "2243"]
[BlackElo "2528"]
[Result "0-1"]
[Round "08"]
[TimeControl "180+1"]
[Date "2022.01.04"]
[WhiteClock "0:00:38"]
[BlackClock "0:00:24"]

1. d4 d6 2. e4 g6 3. Nc3 Bg7 4. Bg5 a6 5. Be2 b5 6. f4 Bb7 7. Bf3 h6 8. Bh4 b4 9. Nd5 Bxd5 10. exd5 Nf6 11. g4 Nbd7 12. Qd2 a5 13. Bg3 Nb6 14. Qg2 Qd7 15. h3 Qb5 16. Ne2 Nfxd5 17. O-O O-O 18. Bf2 e6 19. f5 Nd7 20. Bxd5 Qxd5 21. Qxd5 exd5 22. Nf4 gxf5 23. gxf5 c6 24. Kh1 Kh7 25. a3 Nf6 26. axb4 axb4 27. Bh4 Ne4 28. Nh5 Bxd4 29. f6 Rxa1 30. Rxa1 Bxb2 31. Ra6 c5 32. Rc6 Be5 33. Kg2 Kg6 34. Ng3 Nxg3 35. Bxg3 Kxf6 0-1


[Site "https://www.chess.com"]

[Event "Titled Tuesday Blitz January 04 2022"]
[White "Godzwon, Iwo"]
[Black "Maksimovic, Bojan"]
[WhiteFideId "21802483"]
[BlackFideId "14408120"]
[WhiteElo "2201"]
[BlackElo "2450"]
[Result "0-1"]
[Round "08"]
[TimeControl "180+1"]
[Date "2022.01.04"]
[WhiteClock "0:00:03"]
[BlackClock "0:00:04"]

1. e4 c5 2. Nf3 Nc6 3. d4 cxd4 4. Nxd4 Nf6 5. Nc3 e5 6. Ndb5 h6 7. Nd5 Nxd5 8. exd5 a6 9. dxc6 axb5 10. cxd7+ Bxd7 11. Qd5 Qc7 12. c3 b4 13. Bb5 O-O-O 14. Bxd7+ Rxd7 15. Qe4 bxc3 16. O-O Bc5 17. bxc3 g6 18. Rb1 f5 19. Qa4 Kb8 20. Rb5 Qc6 21. Qb3 f4 22. a4 Rhd8 23. Qc2 g5 24. Qf5 Rd1 25. Qxe5+ Bd6 26. Rxd1 Bxe5 27. Rxd8+ Kc7 28. Rdd5 Bd6 29. Bd2 Qc4 30. h3 Qe2 31. c4 Kc6 32. a5 Qxc4 33. Rb6+ Kxd5 0-1


[Site "https://www.chess.com"]

[Event "Titled Tuesday Blitz January 04 2022"]
[White "Grischuk, Alexander"]
[Black "Safarli, Eltaj"]
[WhiteFideId "4126025"]
[BlackFideId "13402129"]
[WhiteElo "2762"]
[BlackElo "2634"]
[Result "1-0"]
[Round "08"]
[TimeControl "180+1"]
[Date "2022.01.04"]
[WhiteClock "0:01:14"]
[BlackClock "0:00:04"]

1. e4 c5 2. Nc3 Nc6 3. Nf3 Nf6 4. Bb5 Nd4 5. e5 Nxb5 6. Nxb5 Nd5 7. O-O g6 8. d4 c4 9. b3 c3 10. Qd3 Qa5 11. Qc4 a6 12. Qxd5 Qxb5 13. Qe4 Bg7 14. a4 Qb6 15. Ba3 O-O 16. Bxe7 Re8 17. Qh4 h6 18. Bd6 Qc6 19. Rfd1 Qd5 20. a5 b5 21. axb6 Bb7 22. Qf4 Rac8 23. Ne1 Re6 24. Qf3 Qxf3 25. Nxf3 1-0


[Site "https://www.chess.com"]

[Event "Titled Tuesday Blitz January 04 2022"]
[White "Gunina, Valentina"]
[Black "Jary, Sergey"]
[WhiteFideId "4167570"]
[BlackFideId "14110350"]
[WhiteElo "2465"]
[BlackElo "2260"]
[Result "1/2-1/2"]
[Round "08"]
[TimeControl "180+1"]
[Date "2022.01.04"]
[WhiteClock "0:00:14"]
[BlackClock "0:00:20"]

1. d4 Nf6 2. c4 g6 3. Nc3 Bg7 4. e4 d6 5. Nf3 O-O 6. Be2 e5 7. O-O exd4 8. Nxd4 Re8 9. Qc2 Nxe4 10. Nxe4 Bxd4 11. Bg5 f6 12. Rad1 fxg5 13. Rxd4 Bf5 14. c5 d5 15. Rxd5 Qxd5 16. Bc4 Bxe4 17. Qxe4 Rxe4 18. Bxd5+ Kg7 19. Bxe4 c6 20. Rd1 Na6 21. Rd7+ Kh6 22. b4 Nxb4 23. Rxb7 Nxa2 24. g4 Nc3 25. Bxc6 Rc8 26. Bd7 Rxc5 27. Be6 Ne2+ 28. Kg2 Nf4+ 29. Kg3 Nxe6 30. Rxa7 Rc3+ 31. f3 Nf4 32. h4 Ne2+ 33. Kf2 gxh4 34. Kxe2 h3 35. Kf2 h2 36. Ra1 Rc2+ 37. Kg3 Kg7 38. Rh1 Kf6 39. Rxh2 Rxh2 40. Kxh2 Ke5 41. Kg3 g5 42. Kf2 Kf4 43. Ke2 Kg3 44. Ke3 Kg2 45. Ke4 Kg3 46. Kf5 h6 47. Ke4 Kh3 48. Ke3 Kg3 49. Ke4 Kh3 50. Ke3 Kg3 51. Ke4 1/2-1/2


[Site "https://www.chess.com"]

[Event "Titled Tuesday Blitz January 04 2022"]
[White "Gurevich, Dmitry"]
[Black "Drozdowski, Kacper"]
[WhiteFideId "2000407"]
[BlackFideId "1136720"]
[WhiteElo "2506"]
[BlackElo "2507"]
[Result "1/2-1/2"]
[Round "08"]
[TimeControl "180+1"]
[Date "2022.01.04"]
[WhiteClock "0:01:02"]
[BlackClock "0:02:05"]

1. d4 Nf6 2. c4 g6 3. Nc3 d5 4. Nf3 Bg7 5. cxd5 Nxd5 6. Bd2 O-O 7. Rc1 Nxc3 8. Bxc3 b6 9. e3 Bb7 10. Be2 Nd7 11. O-O c5 12. Qa4 cxd4 13. Bxd4 Bxd4 14. Qxd4 Nc5 15. Qh4 Bxf3 16. Bxf3 e6 17. Qxd8 Raxd8 18. Rfd1 Nd3 19. Rb1 Kg7 20. b4 Ne5 21. Be2 Kf6 22. f4 Nc6 23. a3 Ke7 24. Kf2 Rxd1 25. Rxd1 Rc8 26. Ba6 Rc7 27. Rc1 Kd6 28. Rd1+ Ke7 29. Rc1 Kd6 30. Rd1+ Ke7 1/2-1/2


[Site "https://www.chess.com"]

[Event "Titled Tuesday Blitz January 04 2022"]
[White "Hamitevici, Vladimir"]
[Black "Gabrielian, Artur"]
[WhiteFideId "13902393"]
[BlackFideId "4131002"]
[WhiteElo "2359"]
[BlackElo "2440"]
[Result "0-1"]
[Round "08"]
[TimeControl "180+1"]
[Date "2022.01.04"]
[WhiteClock "0:00:02"]
[BlackClock "0:00:24"]

1. a3 Nf6 2. c4 g6 3. Nc3 Bg7 4. g3 O-O 5. Bg2 d6 6. Nf3 e5 7. O-O Re8 8. b4 e4 9. Ne1 a5 10. Bb2 Nc6 11. Nc2 Ne5 12. Ne3 Ned7 13. Qc2 c6 14. Nxe4 Nxe4 15. Bxg7 Nxg3 16. fxg3 Kxg7 17. Qc3+ f6 18. Qd4 Qe7 19. b5 Ne5 20. Rf2 Be6 21. Raf1 Rf8 22. h3 h5 23. Kh2 a4 24. Qh4 Rae8 25. bxc6 bxc6 26. c5 dxc5 27. Qxa4 c4 28. Qb4 Qxb4 29. axb4 Rb8 30. Nc2 Rfd8 31. Rxf6 Bf5 32. R6xf5 gxf5 33. Rxf5 Rxd2 34. Ne3 Re8 35. Bf1 c3 36. Rf4 c2 0-1


[Site "https://www.chess.com"]

[Event "Titled Tuesday Blitz January 04 2022"]
[White "Harutjunyan, Gevorg"]
[Black "Pichot, Alan"]
[WhiteFideId "13300873"]
[BlackFideId "110973"]
[WhiteElo "2498"]
[BlackElo "2543"]
[Result "0-1"]
[Round "08"]
[TimeControl "180+1"]
[Date "2022.01.04"]
[WhiteClock "0:01:30"]
[BlackClock "0:02:43"]

1. e4 c5 2. Nf3 e6 3. d4 cxd4 4. Nxd4 Nc6 5. Nc3 Qc7 6. Be3 a6 7. Qf3 Ne5 8. Qg3 h5 9. f4 h4 10. Qh3 Nc4 11. Bxc4 Qxc4 12. O-O-O b5 13. f5 Bb7 14. Rhf1 Rc8 15. Nb3 b4 16. fxe6 dxe6 17. Rd4 Qxf1+ 18. Rd1 Qc4 0-1


[Site "https://www.chess.com"]

[Event "Titled Tuesday Blitz January 04 2022"]
[White "Jobava, Baadur"]
[Black "Dev, Shah"]
[WhiteFideId "13601520"]
[BlackFideId "35019058"]
[WhiteElo "2617"]
[BlackElo "2098"]
[Result "1-0"]
[Round "08"]
[TimeControl "180+1"]
[Date "2022.01.04"]
[WhiteClock "0:01:16"]
[BlackClock "0:00:02"]

1. b3 c5 2. Bb2 Nc6 3. e3 Nf6 4. Ne2 e6 5. d4 d5 6. Nbc3 cxd4 7. Nxd4 Nxd4 8. Qxd4 Bd6 9. O-O-O O-O 10. Kb1 a6 11. f4 b5 12. g4 Qc7 13. g5 Ne8 14. h4 Bb7 15. Bg2 Rc8 16. Qd3 b4 17. Ne2 Bc6 18. Nd4 Bb5 19. Nxb5 axb5 20. h5 Ra8 21. g6 h6 22. gxf7+ Rxf7 23. Bh3 Qe7 24. Rhg1 Nf6 25. Rg6 e5 26. Rdg1 Kh8 27. Qxb5 exf4 28. Qc6 Raf8 29. exf4 Bxf4 30. Be6 Be3 31. Bxf7 Bxg1 32. Rxh6+ gxh6 33. Bxf6+ 1-0


[Site "https://www.chess.com"]

[Event "Titled Tuesday Blitz January 04 2022"]
[White "Kalashian, David"]
[Black "Ibrahimli, Murad"]
[WhiteFideId "13302418"]
[BlackFideId "13410229"]
[WhiteElo "2490"]
[BlackElo "2109"]
[Result "0-1"]
[Round "08"]
[TimeControl "180+1"]
[Date "2022.01.04"]
[WhiteClock "0:00:02"]
[BlackClock "0:01:11"]

1. d4 Nf6 2. c4 e6 3. Nf3 d5 4. Nc3 Be7 5. Bf4 O-O 6. e3 c5 7. dxc5 Bxc5 8. Qc2 Nc6 9. Rd1 Qa5 10. a3 Be7 11. cxd5 Nxd5 12. Bc4 Nxc3 13. bxc3 Qxa3 14. h4 Qc5 15. Bd3 h6 16. g4 e5 17. Bh2 Bxg4 18. Be2 Rad8 19. Rg1 h5 20. Ng5 Rxd1+ 21. Bxd1 Bxg5 22. Bxg4 Bxh4 23. Bxh5 Qxe3+ 24. Kf1 Qh3+ 25. Rg2 Bg3 26. Bxf7+ Rxf7 27. Bxg3 Qf5 28. Qb3 Qd3+ 29. Kg1 Nd4 30. Qa4 Nf3+ 31. Kh1 Qf1+ 32. Rg1 Qxg1# 0-1


[Site "https://www.chess.com"]

[Event "Titled Tuesday Blitz January 04 2022"]
[White "Kamsky, Gata"]
[Black "Andreikin, Dmitry"]
[WhiteFideId "2000024"]
[BlackFideId "4158814"]
[WhiteElo "2645"]
[BlackElo "2736"]
[Result "0-1"]
[Round "08"]
[TimeControl "180+1"]
[Date "2022.01.04"]
[WhiteClock "0:00:01"]
[BlackClock "0:00:08"]

1. e4 c5 2. Nc3 Nc6 3. Nf3 g6 4. Bc4 Bg7 5. d3 d6 6. h3 Nf6 7. O-O O-O 8. a3 a6 9. Bf4 b5 10. Ba2 h6 11. Qd2 Kh7 12. Rae1 e5 13. Be3 Be6 14. Bxe6 fxe6 15. Qd1 Nh5 16. g3 Nd4 17. Nh2 Qd7 18. Nb1 Nc6 19. Nd2 Nf4 20. h4 Qf7 21. Ndf3 Nh5 22. c3 a5 23. a4 b4 24. Nd2 Qe7 25. Nb3 Rab8 26. Qc2 Nf4 27. c4 Nh5 28. Kh1 Rf7 29. Rg1 Rbf8 30. Rg2 Nf4 31. Rgg1 Nh3 32. Rg2 Nf4 33. Rgg1 Nh3 34. Rg2 Nd4 35. Bxd4 exd4 36. f3 Be5 37. Rf1 h5 38. Nc1 Nf4 39. Rgf2 Nh3 40. Rg2 Nf4 41. Rgf2 Nxd3 42. Nxd3 Bxg3 43. f4 Qxh4 44. Kg1 e5 45. Nf3 Qg4 46. Ng5+ Kg7 47. Rg2 Rxf4 48. Nxf4 Rxf4 49. Qd3 h4 50. Rxf4 exf4 0-1


[Site "https://www.chess.com"]

[Event "Titled Tuesday Blitz January 04 2022"]
[White "Kim, Sergey"]
[Black "Seo, Jung Min"]
[WhiteFideId "13700570"]
[BlackFideId "1734687"]
[WhiteElo "2617"]
[BlackElo "2401"]
[Result "0-1"]
[Round "08"]
[TimeControl "180+1"]
[Date "2022.01.04"]
[WhiteClock "0:00:11"]
[BlackClock "0:00:27"]

1. d4 g6 2. c4 Bg7 3. Nc3 Nf6 4. e4 d6 5. Nge2 O-O 6. Ng3 e5 7. d5 a5 8. Be2 Na6 9. O-O Nc5 10. Be3 h5 11. Bg5 Qd7 12. Qd2 Nh7 13. Bh6 h4 14. Nh1 f5 15. exf5 gxf5 16. Bxg7 Qxg7 17. f4 e4 18. Nf2 Bd7 19. Nh3 Kh8 20. Nd1 Rg8 21. Ne3 b6 22. b3 Qh6 23. Qc3+ Rg7 24. Kh1 Rg8 25. Rg1 Qf6 26. Qd2 Re8 27. Rab1 Rge7 28. Nf2 Qh6 29. Nh3 Qf6 30. Nf2 Nd3 31. Nh3 Qd4 32. Rbd1 Qb2 33. Bh5 Qxd2 34. Rxd2 Rg8 35. Be2 Nc5 36. Bd1 Rf7 37. Bc2 b5 38. Bd1 Ra8 39. Be2 b4 40. Nc2 a4 41. Nxb4 axb3 42. axb3 Rb8 43. Nc2 Rxb3 44. Nd4 Rb8 45. Ra1 Rff8 46. Rda2 Rb7 47. Kg1 Rfb8 48. Kf2 Kg7 49. Ra7 Kf6 50. Rxb7 Rxb7 51. Ra8 Rb2 52. Rh8 Kg7 53. Rd8 Nf6 54. Ng5 Ng4+ 55. Ke1 e3 0-1


[Site "https://www.chess.com"]

[Event "Titled Tuesday Blitz January 04 2022"]
[White "Kravtsiv, Martyn"]
[Black "Nakamura, Hikaru"]
[WhiteFideId "14113147"]
[BlackFideId "2016192"]
[WhiteElo "2694"]
[BlackElo "2850"]
[Result "1-0"]
[Round "08"]
[TimeControl "180+1"]
[Date "2022.01.04"]
[WhiteClock "0:00:22"]
[BlackClock "0:00:19"]

1. e4 g6 2. d4 Bg7 3. Nc3 a6 4. f4 c6 5. Nf3 d5 6. e5 Bg4 7. Bd3 e6 8. O-O h5 9. h3 Bxf3 10. Qxf3 h4 11. Ne2 Ne7 12. Be3 Nf5 13. Bf2 Nd7 14. Kh1 Bf8 15. Ng1 Rc8 16. c3 c5 17. Rac1 cxd4 18. cxd4 Be7 19. Bxf5 gxf5 20. Qb3 b5 21. Nf3 Rc4 22. Qd1 Nf8 23. b3 Rc8 24. Qd2 Ng6 25. Rxc8 Qxc8 26. Rc1 Qb7 27. Be3 Kd7 28. Kg1 Rc8 29. Kf2 Ba3 30. Rxc8 Qxc8 31. Ne1 Be7 32. Qc2 Qg8 33. Nd3 Qa8 34. Ke2 a5 35. Nc5+ Ke8 36. Nd3 b4 37. Bf2 Qa6 38. Ke3 Nf8 39. Qc7 Nd7 40. g3 hxg3 41. Bxg3 a4 42. Be1 axb3 43. axb3 Qa1 44. Qc8+ Bd8 45. Bh4 Qg1+ 46. Ke2 f6 47. exf6 Nf8 48. f7+ Kxf7 49. Qxd8 Qxd4 50. Qe7+ Kg8 51. Bf6 Qg1 52. Bb2 d4 53. Qg5+ Qxg5 54. fxg5 Kh7 55. Bxd4 Kg6 56. h4 Kh5 57. Bf6 Ng6 58. Nxb4 Kxh4 59. Nd3 Kg3 60. Ne5 Nf4+ 61. Kd2 Nd5 62. Bd8 Kf4 63. g6 1-0


[Site "https://www.chess.com"]

[Event "Titled Tuesday Blitz January 04 2022"]
[White "Krivonosov, Oleg"]
[Black "Costachi, Mihnea"]
[WhiteFideId "11600349"]
[BlackFideId "1217518"]
[WhiteElo "2455"]
[BlackElo "2464"]
[Result "0-1"]
[Round "08"]
[TimeControl "180+1"]
[Date "2022.01.04"]
[WhiteClock "0:00:13"]
[BlackClock "0:00:08"]

1. Nf3 Nf6 2. c4 g6 3. Nc3 Bg7 4. e4 O-O 5. d4 d6 6. Be2 Nbd7 7. O-O e5 8. Re1 Re8 9. Bf1 exd4 10. Nxd4 Nc5 11. f3 c6 12. Be3 d5 13. Nxc6 bxc6 14. Bxc5 dxe4 15. Qxd8 Rxd8 16. fxe4 Rb8 17. Rad1 Rxd1 18. Rxd1 Nd7 19. Bxa7 Rxb2 20. Bd4 Rc2 21. Bxg7 Kxg7 22. Ne2 Rxa2 23. Nd4 Ne5 24. Nf3 Kf6 25. Rd6+ Ke7 26. c5 Nxf3+ 27. gxf3 Bd7 28. Rd4 Rc2 29. Rc4 Rd2 30. Rc3 Be6 31. Bc4 h5 32. h4 Bxc4 33. Rxc4 Ke6 34. Ra4 Rc2 35. Ra6 Rxc5 36. Kf2 f6 37. Ra7 Rc2+ 38. Kg3 c5 39. Rg7 c4 40. Rxg6 Rc1 41. Kf4 Rh1 42. Rg8 Kd7 43. Ke3 Rd1 44. Rg2 Rd3+ 45. Kf4 c3 46. Rc2 Ke6 47. Rc1 Kd6 48. Kf5 Rxf3+ 49. Kg6 Ke5 50. Kxh5 Rg3 51. Kh6 Kxe4 52. h5 Kd3 53. Rf1 c2 54. Kh7 Kd2 55. Rf2+ Kd1 56. Rf1+ Ke2 57. Rh1 Kd2 58. Rh2+ Kc3 59. Rh1 Kb2 0-1


[Site "https://www.chess.com"]